 Dungeon Crawl Stone Soup version 0.27.1-2-g3b301248ec (webtiles) character file.

Game seed: 15964956469962711513

158 MajorAdolf the Sneak (level 5, -4/49 HPs)
             Began as a Naga Wanderer on Oct 1, 2021.
             Slain by Grinder (5 damage)
             ... on level 3 of the Dungeon.
             The game lasted 00:08:04 (4705 turns).

MajorAdolf the Sneak (Naga Wanderer)                Turns: 4705, Time: 00:08:05

Health: -4/49      AC:  3    Str: 14    XL:     5   Next: 40%
Magic:  5/5        EV:  9    Int: 13    God:
Gold:   75         SH:  4    Dex: 11    Spells: 4/4 levels left

rFire    . . .     SeeInvis +   k - staff of air
rCold    . . .     Faith    .   d - +0 buckler
rNeg     . . .     Spirit   .   e - +0 robe
rPois    +         Reflect  .   r - +0 helmet
rElec    +         Harm     .   (no cloak)
rCorr    .         Rampage  .   (no gloves)
Will     .....                  (no barding)
Stlth    ++........             (no amulet)
HPRegen  0.16/turn              (no ring)
MPRegen  0.09/turn              (no ring)

@: very slow
A: AC +1, large, see invisible, deformed body, poison resistance, slowness 2,
spit poison 1, naga tail 1
a: Spit Poison


You were on level 3 of the Dungeon.
You visited 1 branch of the dungeon, and saw 4 of its levels.

You collected 75 gold pieces.

Inventory:

Hand Weapons
 a - a +0 club
 g - a +0 dagger
Missiles
 h - 30 stones (quivered)
 j - 4 poisoned darts
Armour
 d - a +0 buckler (worn)
 e - a +0 robe (worn)
 r - a +0 helmet (worn)
Magical Staves
 k - a staff of air (weapon)
Jewellery
 q - a ring of fire
Scrolls
 f - a scroll of fear
Potions
 l - a potion of attraction {unknown}
 m - a potion of curing {unknown}
 n - 2 potions of flight {unknown}
 p - a potion of cancellation {unknown}


   Skills:
 + Level 3.5 Fighting
 - Level 1.0(1.3) Maces & Flails
 + Level 1.4(1.6) Staves
 - Level 1.0 Armour
 + Level 4.1 Stealth
 - Level 2.4 Shields
 - Level 2.0 Unarmed Combat
 + Level 1.5 Air Magic
 + Level 1.5 Evocations


You had 4 spell levels left.
You didn't know any spells.
Your spell library was empty.

Dungeon Overview and Level Annotations

Branches:
Dungeon (4/15)
 Temple: D:4-7

Altars:
The Shining One

Annotations:
D:2 1 runed translucent door, exclusion: gnoll, Crazy Yiuf
D:3 Grinder


Innate Abilities, Weirdness & Mutations

Your serpentine skin is tough. (AC +1)
You have supernaturally acute eyesight. (SInv)
Armour fits poorly on your strangely shaped body.
Your system is resistant to poisons. (rPois)
You cover ground very slowly.
You can spit poison.
You have a snake-like lower body.


Message History

The adder barely misses you. Grinder gestures at you.
You suddenly lose the ability to move!
The adder bites you but does no damage.
Grinder says, "Don't move a muscle."
Grinder hits you.
You can move again.
You barely miss Grinder.
Grinder is almost dead.
The adder barely misses you. Grinder hits you!
* * * LOW HITPOINT WARNING * * *
The adder barely misses you.
Unknown command.
You hit Grinder.
Grinder is almost dead.
You have got your breath back.
You block the adder's attack. Grinder closely misses you.
Unknown command.
You feel much better. You block the adder's attack.
Grinder says, "You look like you could use a good racking."
Grinder gestures at you. Pain shoots through your body!
Unknown command.
You closely miss Grinder.
Grinder is almost dead.
The adder barely misses you. You block the adder's attack.
Grinder hits you but does no damage.
Unknown command.
You barely miss Grinder.
Grinder is almost dead.
The adder closely misses you. Grinder hits you.
You writhe in agony.
* * * LOW HITPOINT WARNING * * *
You hit Grinder.
Grinder is almost dead.
The adder bites you.
* * * LOW HITPOINT WARNING * * *
Grinder hits you!
* * * LOW HITPOINT WARNING * * *
You writhe in agony.
You die...

.....5...# ..$
.........####.#
.........#....#
..ยง...?.....#
.#......#...##
####.....(..#########
#.###..........).#
... ##.....########.
#..........wS@5......
###########.######.##
#.. ##.# .# .. ##


You could see Grinder, a worm and an adder.

Vanquished Creatures
  A scorpion (D:4)
  Robin (D:2)
  3 adders (D:2)
  A worm (D:2)
  4 endoplasms
  2 giant cockroaches (D:1)
  12 goblins
  9 hobgoblins
  3 jackals (D:1)
  5 kobolds
  5 quokkas
  4 ball pythons
  3 bats
  2 frilled lizards
  A rat (D:2)
56 creatures vanquished.

Notes
Turn   | Place    | Note
-------+----------+-------------------------------------------
     0 | D:1      | MajorAdolf the Naga Wanderer began the quest for the Orb.
     0 | D:1      | MajorAdolf set off with the following items: a +0 club, a
                  | potion of heal wounds, a scroll of teleportation, a +0
                  | buckler, a +0 robe, a scroll of fear, a +0 dagger
     0 | D:1      | Reached XP level 1. HP: 21/21 MP: 1/1
   100 | D:1      | Found a faded altar of an unknown god.
   229 | D:1      | Reached XP level 2. HP: 20/28 MP: 2/2
   974 | D:2      | Reached XP level 3. HP: 32/34 MP: 3/3
  2102 | D:2      | Found a glowing golden altar of the Shining One.
  2244 | D:2      | Noticed Robin
  2274 | D:2      | Reached XP level 4. HP: 17/42 MP: 4/4
  4073 | D:2      | Reached skill level 1 in Evocations
  4085 | D:2      | Killed Robin
  4086 | D:2      | Reached skill level 1 in Staves
  4086 | D:2      | Reached skill level 1 in Air Magic
  4334 | D:2      | Found a runed translucent door.
  4335 | D:2      | Noticed Crazy Yiuf
  4385 | D:2      | You fall into a shaft and drop 2 floors!
  4385 | D:4      | Noticed a scorpion
  4401 | D:4      | Killed a scorpion
  4402 | D:4      | Reached skill level 4 in Stealth
  4402 | D:4      | Reached XP level 5. HP: 14/49 MP: 5/5
  4629 | D:3      | Noticed Grinder
  4666 | D:3      | Paralysed by Grinder for 4 turns
  4677 | D:3      | Paralysed by Grinder for 7 turns
  4687 | D:3      | Paralysed by Grinder for 2 turns
  4698 | D:3      | Paralysed by Grinder for 2 turns
  4705 | D:3      | HP: 1/49 [Grinder (7)]
  4705 | D:3      | Slain by Grinder

Illustrated notes

Levels and vault maps discovered:
D:1:      ncdulo_smallfort, layout_basic, chequers_ecumenical_altar_simple
D:2:      layout_loops_cross, basic_altar, uniq_robin, uniq_crazy_yiuf_cottage
D:3:      layout_rooms, nicolae_overflow_hidden_temple,
          overflow_temple_1_default, serial_shops, nicolae_diamond_shop,
          uniq_grinder
D:4:      layout_basic, nicolae_qazlal_general_emergency,
          minmay_misc_feat_rugged, lemuel_flame_loot_1

Skill      XL: |  1  2  3  4 |
---------------+-------------+-----
Shields        | 2 |  2.4
Evocations     | 1 |  1.5
Staves         | 1 |  1.4
Air Magic      | 1 |  1.5
Stealth        | 4 |  4.1
Fighting       | |  3.5
Maces & Flails | |  1.0
Armour         | |  1.0
Unarmed Combat | |  2.0

Action                   |  1- 3 |  4- 6 || total
-------------------------+-------+-------++-------
Melee: Dagger            |    13 |       ||    13
       Staff             |    46 |    67 ||   113
Throw: Stone             |     1 |     1 ||     2
 Abil: Spit Poison       |    42 |    23 ||    65
  Use: Scroll            |       |     3 ||     3
       Potion            |       |     3 ||     3
 Stab: Sleeping          |     3 |       ||     3
Armor: Robe              |     7 |    18 ||    25
       Skin              |       |     6 ||     6
Dodge: Dodged            |    30 |    40 ||    70
Block: Buckler           |    20 |    13 ||    33
